 Seeded DCSS version 0.32-a0-33-g74fbe469d6 (webtiles) character file.

Game seed: 9872065412798756122 (custom seed)

66001 timneilson the Unseen (level 15, -3/107 HPs)
             Began as an Octopode Shapeshifter on Jan 20, 2024.
             Was an Initiate of Gozag.
             Slain by an eight-headed hydra (12 damage)
             ... on level 4 of the Lair of Beasts.
             The game lasted 01:22:03 (25194 turns).

timneilson the Unseen (Octopode Shapeshifter)      Turns: 25194, Time: 01:22:04

Health: -3/107     AC:  3    Str: 28    XL:     15   Next: 18%
Magic:  29/31      EV: 21    Int: 17    God:    Gozag
Gold:   3657       SH:  5    Dex: 20    Spells: 13/24 levels left

rFire   + .          .
                       - Unarmed
rCold   + + .        (shield currently unavailable)
rNeg    . . .        A - +2 hat
rPois   +            y - amulet of reflection
rElec   .            v - ring "Febusk" {Fly rC+ MP+9 Slay+3}
rCorr   .            z - ring "Eliskik" {Str+3 Dex+6 Slay+3}
SInv    +            D - ring of see invisible
Will    ++...        E - ring of Casuq {Str+6 Int+5}
Stlth   +++++++      B - ring of Beogh's Regard {rPois Will+}
HPRegen 0.37/turn    m - ring of protection from fire
MPRegen 0.22/turn    G - ring of protection from cold
                     C - ring of wizardry

%: reflection, wizardry (x1)
@: blade tentacles, flying, very slightly contaminated, studying Stealth
A: almost no armour, amphibious, 8 rings, camouflage 1, gelatinous body 1,
(nimble swimmer 1), tentacles
a: Begin Untransformation, Renounce Religion, Potion Petition, Call Merchant,
Bribe Branch


You were on level 4 of the Lair of Beasts.
You worshipped Gozag.
Gozag was most pleased with you.
You had blades for main tentacles.
You visited 3 branches of the dungeon, and saw 21 of its levels.
You also visited: Volcano.

You collected 7184 gold pieces.
You spent 2800 gold pieces at shops.
You paid 727 gold pieces to Gozag.

Inventory:

Missiles
 f - 35 poisoned darts (quivered)
 s - 4 throwing nets
 u - 7 curare-tipped darts
Armour
 A - a +2 hat (worn)
Jewellery
 m - a ring of protection from fire (on tentacle)
 v - the ring "Febusk" (left blade tentacle) {Fly rC+ MP+9 Slay+3}
   (You acquired it on level 6 of the Dungeon)

   [ring of flight]

   Slay+3:    It affects your accuracy & damage with ranged weapons and melee
   (+3).
   rC+:       It protects you from cold.
   MP+9:      It affects your magic capacity (+9).
   Fly:       It grants you flight.
 y - an amulet of reflection (around mantle)
 z - the ring "Eliskik" (right blade tentacle) {Str+3 Dex+6 Slay+3}
   (You acquired it on level 6 of the Dungeon)

   [ring of dexterity]

   Str+3:     It affects your strength (+3).
   Dex+6:     It affects your dexterity (+6).
   Slay+3:    It affects your accuracy & damage with ranged weapons and melee
   (+3).
 B - the ring of Beogh's Regard (on tentacle) {rPois Will+}
   (You bought it in a shop on level 8 of the Dungeon)

   [ring of willpower]

   rPois:     It protects you from poison Will+: It increases your willpower.
 C - a ring of wizardry (on tentacle)
 D - a ring of see invisible (on tentacle)
 E - the ring of Casuq (on tentacle) {Str+6 Int+5}
   (You found it on level 7 of the Dungeon)

   [ring of strength]

   Str+6:     It affects your strength (+6).
   Int+5:     It affects your intelligence (+5).
 G - a ring of protection from cold (on tentacle)
 T - a +6 ring of strength
Talismans
 b - a beast talisman
 c - a flux talisman
 p - a talisman of death
 L - a dragon-blood talisman
 N - a blade talisman (active)
Wands
 w - a wand of iceblast (4)
 x - a wand of paralysis (5)
 H - a wand of flame (4)
 J - a wand of mindburst (1)
Scrolls
 d - a scroll of immolation
 h - 2 scrolls of fear
 j - 2 scrolls of brand weapon
 k - 4 scrolls of poison
 l - a scroll of fog
 n - 10 scrolls of teleportation
 t - 3 scrolls of amnesia
 K - a scroll of vulnerability
 M - a scroll of torment
 P - 2 scrolls of identify
 R - 2 scrolls of blinking
Potions
 a - 2 potions of lignification
 e - 3 potions of magic
 g - 6 potions of curing
 i - 2 potions of enlightenment
 o - 3 potions of brilliance
 q - 5 potions of invisibility
 r - 3 potions of mutation
 F - a potion of cancellation
 I - 3 potions of attraction
 O - a potion of resistance
 Q - 2 potions of haste
 S - 2 potions of berserk rage
 U - 2 potions of ambrosia


   Skills:
 * Level 11.6 Fighting
 * Level 11.7 Dodging
 + Level 15.7 Stealth
 * Level 11.9 Unarmed Combat
 - Level 5.0 Spellcasting
 + Level 4.0 Translocations
 - Level 3.0 Air Magic
 - Level 3.0 Earth Magic
 + Level 7.8 Evocations
 * Level 11.1 Shapeshifting


You had 13 spell levels left.
You knew the following spells:

 Your Spells              Type           Power      Damage    Failure   Level
a - Blink                 Tloc           36%        N/A       1%          2
b - Swiftness             Air            14%        N/A       4%          3
c - Passwall              Erth           14%        N/A       4%          3
d - Apportation           Tloc           36%        N/A       1%          1
e - Lesser Beckoning      Tloc           36%        N/A       1%          2

Your spell library contained the following spells:

 Spells                   Type           Power      Damage    Failure   Level
 Momentum Strike          Conj/Tloc      22%        3d8       4%          2
 Call Imp                 Summ           8%         N/A       9%          2
 Ensorcelled Hibernation  Hex/Ice        8%         N/A       9%          2
 Jinxbite                 Hex            8%         N/A       9%          2
 Sublimation of Blood     Necr           4%         N/A       9%          2
 Alistair's Intoxication  Alch           2%         N/A       80%         5
 Summon Hydra             Summ           2%         N/A       100%        7


Dungeon Overview and Level Annotations

Branches:
Dungeon (14/15)            Temple (0/1) D:5            Lair (5/5) D:9
  Swamp (0/4) Lair:2        Snake (0/4) Lair:2        Slime (0/5) Lair:4
    Orc (2/2) D:12            Elf (0/3) Orc:2       Volcano (visited)
 Vaults: D:13-14

Altars:
Cheibriados
Dithmenos
Gozag
Nemelex Xobeh
Trog
Uskayaw
Wu Jian
Xom
Yredelemnul
Jiyva

Shops:
D:1 :   D:8 =   D:9 *   D:12 ?   Orc:2 [!:*

Annotations:
D:4 1 runed translucent door
D:10 1 runed translucent door, timneilson's ghost, novice GrFi
Lair:4 2 transporters, pigah's ghost, journeyman VSNe
Lair:5 Urug


Innate Abilities, Weirdness & Mutations

You have blades for main tentacles.
You are incapable of wielding weapons or throwing items.
You cannot wear most types of armour.
You are amphibious.
You can wear up to eight rings at the same time.
Your skin changes colour to match your surroundings (Stealth+).
Your rubbery body absorbs attacks. (AC +1, EV +1)
((You are camouflaged when in or above water. (Stealth+)))
You have tentacles for arms and can constrict up to eight enemies at once.


Message History

You constrict the water moccasin. You block the water moccasin's attack.
You slash the water moccasin! You squeeze the water moccasin.
The water moccasin is severely wounded.
You constrict the water moccasin. The water moccasin bites you.
You shred the water moccasin!!!
You kill the water moccasin!
You start resting.
HP restored.
You fly downwards.
Level annotation: Urug The boulder beetle curls into a ball and begins rolling!
You block the eight-headed hydra's attack.
The eight-headed hydra bites you!
The eight-headed hydra bites you but does no damage.
The eight-headed hydra bites you!
The eight-headed hydra closely misses you.
The eight-headed hydra barely misses you. x2
The eight-headed hydra completely misses you.
There is a stone staircase leading up, spattered with blood here.
The eight-headed hydra bites you but does no damage. x2
The eight-headed hydra bites you. The eight-headed hydra bites you!
The eight-headed hydra closely misses you.
The eight-headed hydra bites you but does no damage.
The eight-headed hydra completely misses you.
The eight-headed hydra bites you! The boulder beetle hits you!!
* * * LOW HITPOINT WARNING * * *
The boulder beetle stops rolling and uncurls.
You hear a trumpeting!
You hear an angry hiss.
You fly upwards.
Level annotation: 2 transporters, pigah's ghost, journeyman VSNe
There is a stone staircase leading down here.
Casting: Swiftness (mildly dangerous; 4% risk of failure)
Confirm with . or Enter, or press ? or * to list all spells.
You miscast Blink.
You are very lightly contaminated with residual magic.
Nothing appears to happen.
The eight-headed hydra barely misses you.
The eight-headed hydra bites you!
You die...
Your body crumbles into a pile of gold.

##.............#...
#.................
#.................
##............#P...
#.............##...
##.................
#P.................
##$................
#.@B...............
##.D.......###.....
#.##..#P...###....
##...####.####..P.
##..# ### #...#.
##.#########..##
#.##P.#P##P..##
#...........###
##.....#.P..##.


You could see a boulder beetle and an eight-headed hydra.

Vanquished Creatures
  Gastronok (D:10)
  An orc warlord (Orc:2)
  Fannar (D:10)
  3 hydras
  An ogre mage (Orc:2)
  A dancing weapon (Volcano)
  4 two-headed ogres
  4 death yaks (Lair:2)
  4 orc high priests (Orc:2)
  2 occultists (Volcano)
  Nergalle (Lair:2)
  2 skysharks
  A deep troll (Lair:4)
  2 spriggan druids (Lair:2)
  A lindwurm (Lair:2)
  4 orc knights (Orc:2)
  An oklob plant (Lair:4)
  6 orc sorcerers
  3 deep elf pyromancers
  2 cyclopes
  An ugly thing (D:12)
  15 elephants
  3 black mambas
  5 toenail golems (Volcano)
  4 kobold blastminers (Orc:2)
  8 cane toads
  2 unseen horrors (D:10)
  4 rime drakes
  3 komodo dragons
  A kobold demonologist (D:11)
  The ghost of partyrob117 the Fighter, an amateur MiBe of Trog (D:4)
  3 trolls
  2 hornets (Lair:2)
  3 polar bears
  10 blink frogs
  Sigmund (D:3)
  2 shadows (D:10)
  2 wraiths
  4 wyverns
  38 yaks
  4 basilisks
  5 humans (Volcano)
  Grum (D:11)
  A steam dragon (D:7)
  5 wargs (Orc:2)
  7 vampire mosquitoes
  3 acid dragons
  The ghost of soberseth the Conjurer, an amateur DECj (D:3)
  20 water moccasins
  44 orc warriors
  2 ice beasts
  12 ogres
  6 black bears
  2 sky beasts
  6 wolves
  12 centaurs
  2 kobold brigands
  Blork the orc (D:4)
  13 bullfrogs
  A gnoll sergeant (D:9)
  2 scorpions
  6 wights
  8 killer bees
  6 howler monkeys
  2 bombardier beetles
  7 hounds
  4 jellies
  A gnoll bouda (D:9)
  28 orc priests
  3 sleepcaps
  6 iguanas
  17 orc wizards
  2 hound zombies (D:5)
  16 gnolls
  10 adders
  A white imp (D:6)
  2 ufetubi (D:6)
  A dart slug (D:4)
  3 ribbon worms
  92 orcs
  A bat (D:1)
  10 endoplasms
  2 giant cockroaches
  6 goblins
  10 hobgoblins
  2 jackals (D:9)
  A quokka (D:4)
  2 ball pythons
  2 frilled lizards (D:1)
  18 kobolds
  4 rats
580 creatures vanquished.

Vanquished Creatures (others)
  An unseen horror (D:11)
  An ice beast (D:7)
2 creatures vanquished.

Grand Total: 582 creatures vanquished

Notes
Turn   | Place    | Note
-------+----------+-------------------------------------------
     0 | D:1      | timneilson the Octopode Shapeshifter began the quest for
                  | the Orb.
     0 | D:1      | Reached XP level 1. HP: 13/13 MP: 1/1
   261 | D:1      | Found Logiotz's Book Emporium.
   340 | D:1      | Reached XP level 2. HP: 18/18 MP: 2/2
  1163 | D:2      | Reached XP level 3. HP: 23/23 MP: 3/3
  1166 | D:2      | Reached skill level 1 in Stealth
  1234 | D:2      | Found a faded altar of an unknown god.
  1908 | D:3      | HP: 1/24 [poisoned by an adder]
  2072 | D:3      | Found a runed translucent gate.
  2080 | D:3      | Found a runed translucent gate.
  2080 | D:3      | Found a runed translucent gate.
  2080 | D:3      | Noticed soberseth's ghost (amateur DECj)
  2092 | D:3      | Found a sparkling altar of Nemelex Xobeh.
  2093 | D:3      | Found an opulent altar of Gozag.
  2098 | D:3      | Became a worshipper of Gozag Ym Sagoz the Greedy
  2111 | D:3      | Identified the +2 leather armour of Nubi {rElec Regen+}
  2178 | D:3      | Found a shadowy altar of Dithmenos.
  2180 | D:3      | Found a shimmering altar of Xom.
  2347 | D:3      | Noticed a kobold brigand
  2356 | D:3      | Noticed Sigmund
  2371 | D:3      | Killed Sigmund
  2372 | D:3      | Reached skill level 2 in Stealth
  2372 | D:3      | Reached XP level 4. HP: 21/30 MP: 2/4
  2372 | D:3      | Reached XP level 5. HP: 25/35 MP: 2/5
  2372 | D:3      | Reached XP level 6. HP: 29/41 MP: 2/6
  2836 | D:4      | Noticed a black bear
  2845 | D:4      | Killed a black bear
  2846 | D:4      | Reached skill level 3 in Stealth
  3213 | D:4      | Reached XP level 7. HP: 46/46 MP: 7/7
  3470 | D:4      | Noticed Blork the orc
  3478 | D:4      | Killed Blork the orc
  3960 | D:4      | Found a snail-covered altar of Cheibriados.
  4009 | D:4      | Found a runed translucent door.
  4031 | D:4      | Found a runed translucent door.
  4032 | D:4      | Noticed partyrob117's ghost (amateur MiBe)
  4281 | D:5      | Entered Level 5 of the Dungeon
  4304 | D:5      | Reached XP level 8. HP: 29/54 MP: 3/8
  4375 | D:5      | Reached skill level 4 in Stealth
  4375 | D:5      | Reached skill level 5 in Unarmed Combat
  4392 | D:5      | Reached skill level 5 in Shapeshifting
  4602 | D:5      | Found a staircase to the Ecumenical Temple.
  4622 | D:5      | Identified a scroll of acquirement
  4622 | D:5      | Acquired 529 gold pieces
  4683 | D:5      | Reached skill level 5 in Dodging
  5090 | D:5      | Found a hide-covered altar of Uskayaw.
  5181 | D:5      | Found a basalt altar of Yredelemnul.
  5310 | D:6      | Reached skill level 5 in Fighting
  5310 | D:6      | Reached skill level 5 in Stealth
  5607 | D:6      | Reached XP level 9. HP: 46/61 MP: 5/9
  6468 | D:6      | Acquired the ring "Febusk" {Fly rC+ MP+9 Slay+3}
  6470 | D:6      | Acquired the ring "Eliskik" {Str+3 Dex+6 Slay+3}
  6472 | D:6      | Acquired a manual of Stealth
  6551 | D:7      | Reached skill level 1 in Evocations
  6640 | D:7      | Found an ornate altar of the Wu Jian Council.
  6778 | D:7      | Reached skill level 6 in Stealth
  6860 | D:7      | Noticed a deep elf pyromancer
  6920 | D:7      | Killed a deep elf pyromancer
  6921 | D:7      | Reached skill level 7 in Stealth
  6921 | D:7      | Reached skill level 1 in Spellcasting
  6921 | D:7      | Reached XP level 10. HP: 58/68 MP: 11/11
  6992 | D:7      | Identified the ring of Casuq {Str+6 Int+5}
  7741 | D:8      | Found Udeps's Jewellery Shoppe.
  7754 | D:8      | Bought an amulet of reflection for 390 gold pieces
  7754 | D:8      | Bought the ring of Beogh's Regard {rPois Will+} for 470
                  | gold pieces
  7805 | D:8      | Found a bloodstained altar of Trog.
  8127 | D:9      | Reached skill level 8 in Stealth
  8323 | D:9      | Found Xajeloir's Assorted Antiques.
  8340 | D:9      | Found a staircase to the Lair.
  9055 | D:8      | Bought a ring of protection from fire for 325 gold pieces
  9055 | D:8      | Bought a ring of protection from cold for 325 gold pieces
  9092 | D:10     | Entered Level 10 of the Dungeon
  9129 | D:10     | Noticed an unseen horror
  9138 | D:10     | Killed an unseen horror
  9184 | D:10     | Found a runed translucent door.
  9199 | D:10     | Noticed timneilson's ghost (novice GrFi)
  9254 | D:10     | Noticed Fannar
  9267 | D:10     | Killed Fannar
  9468 | D:10     | Reached skill level 9 in Stealth
  9476 | D:10     | Reached XP level 11. HP: 66/75 MP: 15/15
  9534 | D:10     | Noticed Gastronok
  9560 | D:10     | Killed Gastronok
  9970 | D:10     | Reached skill level 10 in Stealth
 10651 | D:3      | Killed soberseth's ghost
 10710 | D:4      | Killed partyrob117's ghost
 10904 | D:11     | Noticed Grum
 11096 | D:11     | Identified the +0 chain mail of the Other Side {Fly rF+
                  | Int+4}
 11127 | D:11     | Killed Grum
 11944 | D:11     | Noticed a sun demon
 11947 | D:11     | Noticed a soul eater
 12009 | D:12     | Noticed a cyclops
 12019 | D:12     | Killed a cyclops
 12176 | D:12     | Noticed a two-headed ogre
 12183 | D:12     | Killed a two-headed ogre
 12187 | D:12     | Noticed a deep elf pyromancer
 12193 | D:12     | Killed a deep elf pyromancer
 12671 | D:12     | Found a staircase to the Orcish Mines.
 12689 | D:12     | Noticed a purple ugly thing
 12700 | D:12     | Killed a green ugly thing
 12701 | D:12     | Reached skill level 11 in Stealth
 12701 | D:12     | Reached XP level 12. HP: 72/84 MP: 17/17
 12764 | D:12     | You are sucked into a shaft and drop 2 floors!
 12845 | D:12     | Reached skill level 5 in Evocations
 13191 | Lair:1   | Entered Level 1 of the Lair of Beasts
 13418 | D:1      | Bought a book of Spatial Translocations for 180 gold pieces
 13421 | D:1      | Learned a level 2 spell: Blink
 13425 | D:1      | Learned a level 3 spell: Swiftness
 13751 | Lair:1   | Found the +8 whip "Snakebite" {venom, curare, rPois}
 14087 | Lair:1   | Reached skill level 1 in Air Magic
 14090 | Lair:1   | Reached skill level 1 in Translocations
 14137 | Lair:1   | Reached skill level 12 in Stealth
 14750 | Lair:2   | You are sucked into a shaft and drop 2 floors!
 15090 | Lair:3   | Reached XP level 13. HP: 90/90 MP: 19/19
 15166 | Lair:3   | Reached skill level 10 in Unarmed Combat
 15492 | D:8      | Bought a blade talisman for 390 gold pieces
 15573 | Lair:2   | Noticed Nergalle
 15582 | Lair:2   | Killed Nergalle
 15788 | Lair:2   | Reached skill level 10 in Dodging
 15943 | Lair:2   | Reached skill level 13 in Stealth
 16249 | Lair:2   | Reached skill level 10 in Fighting
 16249 | Lair:2   | Reached skill level 5 in Spellcasting
 16369 | Lair:2   | HP: 2/92 [something (4)]
 16648 | Lair:2   | Found a staircase to the Snake Pit.
 17064 | Lair:2   | Paralysed by a hornet for 1 turns
 17231 | Lair:2   | Paralysed by a hornet for 1 turns
 17250 | Lair:2   | Found a staircase to the Swamp.
 17751 | Orc:1    | Entered Level 1 of the Orcish Mines
 17752 | Orc:1    | Found a dark tunnel.
 17757 | Orc:1    | Learned a level 3 spell: Passwall
 17836 | Volcano  | Entered a volcano
 17908 | Volcano  | Reached skill level 10 in Shapeshifting
 17999 | Volcano  | Reached skill level 1 in Earth Magic
 18316 | Volcano  | Reached XP level 14. HP: 90/99 MP: 21/21
 18331 | Volcano  | Reached skill level 14 in Stealth
 18498 | Orc:2    | Entered Level 2 of the Orcish Mines
 19545 | Orc:2    | Found Uhechu's Distillery.
 20496 | Orc:2    | Bought a potion of cancellation for 96 gold pieces
 20496 | Orc:2    | Bought a potion of haste for 120 gold pieces
 20496 | Orc:2    | Bought a potion of curing for 36 gold pieces
 20496 | Orc:2    | Bought a potion of haste for 120 gold pieces
 20496 | Orc:2    | Bought a potion of curing for 36 gold pieces
 20496 | Orc:2    | Bought a potion of heal wounds for 60 gold pieces
 20502 | Orc:2    | Found Nycwe's Armour Shoppe.
 20875 | Orc:2    | Learned a level 1 spell: Apportation
 20878 | Orc:2    | Learned a level 2 spell: Lesser Beckoning
 20970 | Orc:2    | Found a staircase to the Elven Halls.
 21152 | Orc:2    | Found Pouxuri's Assorted Antiques.
 21461 | Orc:2    | Found Umobbuw's Book Emporium.
 21468 | Orc:2    | Noticed an orc warlord
 21534 | Orc:2    | Reached skill level 15 in Stealth
 21778 | Orc:2    | Killed an orc warlord
 23160 | D:12     | Bought a scroll of teleportation for 42 gold pieces
 23160 | D:12     | Bought a scroll of blinking for 105 gold pieces
 23160 | D:12     | Bought a scroll of blinking for 105 gold pieces
 24191 | Lair:4   | Identified the +0 long sword "Exuzub" {flame, rF+ Int-5
                  | Stlth+}
 24236 | Lair:4   | Found a transporter.
 24253 | Lair:4   | Reached XP level 15. HP: 96/107 MP: 22/22
 24318 | Lair:4   | Noticed pigah's ghost (journeyman VSNe)
 24323 | Lair:4   | Found a transporter.
 24327 | Lair:4   | Found a bloodstained altar of Trog.
 24363 | Lair:4   | Found a viscous altar of Jiyva.
 24377 | Lair:4   | Found a staircase to the Slime Pits.
 25108 | Lair:5   | Entered Level 5 of the Lair of Beasts
 25127 | Lair:5   | Noticed Urug
 25194 | Lair:4   | Slain by an eight-headed hydra

Illustrated notes

Levels and vault maps discovered:
D:1:      dpeg_arrival_stone_temple_mockup, layout_loops_corners, serial_shops,
          shop, minmay_split_cup_large
D:2:      layout_basic, chequers_ecumenical_altar_grove, chequers_jeans
D:3:      cheibrodos_thug_alley, layout_rooms, grunt_temple_overflow_opulence,
          grunt_temple_overflow_open, biasface_ghost_orc_armoury, uniq_sigmund
D:4:      minmay_razor_zed, layout_gridville, cheibriados_altar_1,
          ebering_ghost_sewer_f, serial_bayou, serial_bayou_pond_d,
          serial_bayou_shore_b, serial_bayou_pond_a, serial_bayou_shore_b,
          uniq_blork_the_orc
D:5:      layout_rooms, lemuel_doored_altar, lemuel_zombie_altar_yredelemnul,
          minmay_temple_entry_overgrown, nicolae_underground_beach
D:6:      layout_basic
D:7:      minmay_clustersquares, layout_loops_cross,
          mainiacjoe_overflow_catwalk, kennysheep_windowed_goal
D:8:      layout_loops_ring, general_overflow_altar, serial_shops,
          nicolae_diamond_shop
D:9:      layout_cave_pools, lair_entry_dummy, serial_gnoll_camp,
          gnoll_camp_mini_shop, gnoll_camp_medium_02, gnoll_camp_mini_hut,
          gnoll_camp_mini_hut
D:10:     layout_irregular_city, hellmonk_ghost_big_iron,
          minmay_gold_behind_fungi, uniq_fannar, uniq_gastronok
D:11:     layout_loops_ring, uniq_grum
D:12:     layout_grid_maze, orc_0_dummy
D:13:     layout_cave_pools, serial_shops, shop_coins, grunt_tough_drop
D:14:     layout_cave_pods, erik_vaults_2, nicolae_uskayaw_en_pointe,
          nicolae_shop_overcharged_wands
Lair:1:   minmay_guarded_unrand_snakebite, layout_cave_pods,
          beast_lair_carwin_10, grunt_megastairs_1
Lair:2:   layout_layer_cave, mainiacjoe_swamp_entry_angry_trees,
          dummy_snake_entry, uniq_nergalle
Lair:3:   layout_gridlike, st_stairs_8
Lair:4:   dreamdust_cave_troll, layout_gridlike, slime_entry_1,
          gammafunk_ghost_wrathful_warriors, small_statue_intersection,
          bh_autumn_forest_stairs, st_stairs_5
Lair:5:   hellmonk_lair_end_abyssal_woods, layout_gridlike, serial_bayou,
          serial_bayou_ford_a, serial_bayou_lagoon_a, serial_bayou_shore_b,
          serial_bayou_pond_b, infiniplex_staircase_pool_2, uniq_urug
Orc:1:    layout_caves, nicolae_volcano_entry_s_turn,
          nicolae_orc_takin'_care_of_business
Orc:2:    pubby_orc_utopia

Skill      XL: |  1  2  3  4  5  6  7  8  9 10 11 12 13 14 15 |
---------------+----------------------------------------------+-----
Stealth        | 2 3 5 7 9 11 12 13 15 | 15.7
Fighting       | 2 3 4 5 6 7 8 9 10 11 | 11.6
Dodging        | 3 4 5 6 7 8 9 10 11 | 11.7
Unarmed Combat | 4 5 6 7 9 10 11 | 11.9
Shapeshifting  | 4 5 6 7 8 9 10 11 | 11.1
Evocations     | 2 3 4 5 6 7 |  7.8
Spellcasting   | 1 2 3 4 5 |  5.0
Air Magic      | 2 3 |  3.0
Translocations | 1 3 4 |  4.0
Earth Magic    | 1 3 |  3.0

Action                     |  1- 3 |  4- 6 |  7- 9 | 10-12 | 13-15 || total
---------------------------+-------+-------+-------+-------+-------++-------
  Melee: Unarmed           |    70 |    44 |   196 |   468 |   619 ||  1397
         Constrict         |    13 |     6 |    40 |    86 |   109 ||   254
         Tentacles         |    11 |     9 |    58 |   129 |   168 ||   375
         Punch             |       |     2 |     6 |     1 |    27 ||    36
  Throw: Dart              |       |    11 |    26 |       |       ||    37
   Cast: Blink             |       |       |       |       |     2 ||     2
         Passwall          |       |       |       |       |     2 ||     2
         Swiftness         |       |       |       |       |     2 ||     2
 Invoke: Call Merchant     |       |       |       |       |     1 ||     1
  Evoke: Wand              |       |       |       |    16 |     4 ||    20
    Use: Scroll            |    11 |     3 |     7 |    14 |     5 ||    40
         Potion            |     1 |     1 |     1 |     1 |     5 ||     9
   Stab: Sleeping          |     7 |     1 |    19 |    11 |    46 ||    84
         Invisible         |     3 |       |     3 |     1 |     1 ||     8
         Distracted        |       |     1 |     1 |     8 |     5 ||    15
         Paralysed         |       |       |       |     4 |       ||     4
 Armour: Skin              |    22 |    16 |    89 |   132 |   199 ||   458
  Dodge: Dodged            |    36 |    19 |   105 |   292 |   375 ||   827
  Block: Other             |       |       |       |    71 |    83 ||   154
         Reflection        |       |       |       |     9 |     3 ||    12
   Form: Flux              |       |       |       |     1 |       ||     1
         Blade             |       |       |       |       |     1 ||     1

Table legend: (Time is in decaauts)
 A = Elapsed time spent in this place.
 B = Non-inter-level travel time spent in this place.
 C = Inter-level travel time spent in this place.
 D = Time resting spent in this place.
 E = Time spent auto-exploring this place.
 F = Levels seen in this place.
 G = Mean time per level.
                   A        B        C        D        E       F      G
               +--------+--------+--------+--------+--------+-----+--------+
         Total |  24994 |  23049 |   1945 |   4294 |  10779 |  22 | 1136.1 |
       Dungeon |  13747 |  12198 |   1549 |   1557 |   7188 |  14 |  981.9 |
          Lair |   5933 |   5616 |    317 |   1121 |   2351 |   5 | 1186.6 |
  Orcish Mines |   4822 |   4743 |     79 |   1440 |   1183 |   2 | 2411.0 |
       Volcano |    490 |    490 |      0 |    176 |     57 |   1 |  490.0 |
               +--------+--------+--------+--------+--------+-----+--------+

Top non-repeatable levels by time:
   Orc:2: 3544 daAuts
  Lair:2: 2044 daAuts
    D:10: 1745 daAuts
     D:4: 1561 daAuts
  Lair:1: 1432 daAuts
     D:6: 1299 daAuts
   Orc:1: 1277 daAuts
  Lair:3: 1226 daAuts
  Lair:4: 1201 daAuts
    D:12: 1187 daAuts
     D:9: 1140 daAuts
     D:1: 1079 daAuts
     D:3: 1055 daAuts
     D:8: 1005 daAuts
     D:5: 972 daAuts
